Map: Emerald City LE

Players

OpuS

  • Race: Protoss Protoss
  • League: Platinum
  • Spawn Location: 5:00

Sketchaphone

  • Race: Zerg Zerg
  • League: Platinum
  • Spawn Location: 5:00

Sathalom

  • Race: Protoss Protoss
  • League: Diamond
  • Spawn Location: 11:00

Sigardius

  • Race: Zerg Zerg
  • League: Platinum
  • Spawn Location: 11:00

VOD

Have the link to the VOD?

Description

Time

  • Played on: Feb. 17, 2019, 7:47 p.m.
  • Length: 19:02
Show
View Real Time Build Order
Export as new Build Order

OpuS Protoss 

Build Orders:  

Get SALT Encoding   

  12  0:01  Probe  
  13  0:13  Probe  
  14  0:18  Pylon  
  14  0:25  Probe  
  15  0:35  Probe  
  15  0:39  Gateway  
  16  0:43  Probe  
  16  0:48  Assimilator  
  17  0:54  Assimilator  
  17  1:00  Probe  
  18  1:08  Gateway  
  18  1:10  Probe  
  19  1:18  Probe  
  20  1:27  Probe  
  20  1:32  Cybernetics Core  
  21  1:46  Pylon  
  21  1:47  Probe  
  22  1:59  Probe  
  23  2:08  Stalker x2  
  25  2:10  Warp Gate  
  25  2:12  Probe  
  28  2:24  Probe  
  28  2:28  Pylon  
  29  2:36  Probe  
  29  2:44  Stalker  
  29  2:46  Stalker  
  29  2:48  Probe  
  34  3:06  Nexus  
  34  3:11  Pylon  
  34  3:22  Probe  
  35  3:41  Robotics Facility  
  35  3:42  Pylon  
  35  3:45  Gateway  
  35  4:01  Sentry x2  
  39  4:11  Probe  
  40  4:20  Twilight Council  
  40  4:22  Gateway  
  40  4:23  Probe  
  41  4:26  Probe  
  42  4:35  Probe  
  42  4:36  Immortal  
  42  4:38  Probe  
  48  4:46  Stalker x2  
  46  5:15  Zealot, Charge  
  46  5:16  Zealot x2  
  46  5:17  Probe x2  
  54  5:24  Stargate  
  54  5:33  Zealot  
  54  5:34  Probe x2  
  58  5:40  Forge  
  58  5:46  Gateway  
  58  5:48  Probe x2, Gateway  
  60  5:57  Pylon  
  60  5:59  Pylon  
  60  6:02  Pylon  
  60  6:06  Zealot x2  
  60  6:08  Zealot  
  66  6:11  Zealot  
  66  6:13  Void Ray  
  68  6:22  Probe  
  73  6:28  Probe  
  74  6:34  Probe  
  74  6:37  Pylon  
  75  6:40  Zealot x2  
  75  6:45  Protoss Ground Weapons Level 1  
  79  6:50  Void Ray  
  79  6:53  Gateway  
  79  6:56  Gateway  
  79  6:57  Probe  
  79  6:58  Probe  
  85  7:08  Observer  
  86  7:10  Probe x2  
  86  7:13  Assimilator  
  88  7:18  Assimilator  
  88  7:20  Zealot  
  88  7:22  Zealot, Probe x2  
  94  7:29  Observer  
  95  7:44  Void Ray  
  99  7:45  Zealot  
  99  7:50  Pylon  
  101  7:51  Pylon  
  101  7:53  Pylon  
  101  8:00  Probe  
  101  8:04  Probe  
  101  8:16  Nexus  
  101  8:18  Pylon  
  95  8:31  Zealot x2  
  95  8:32  Zealot x3  
  95  8:33  Zealot  
  75  8:45  Void Ray  
  79  8:55  Shield Battery  
  79  8:56  Shield Battery  
  79  8:58  Shield Battery  
  79  8:59  Shield Battery  
  79  9:01  Pylon  
  71  9:16  Dark Shrine  
  71  9:18  Templar Archives  
  71  9:23  Zealot x2  
  70  9:35  Zealot x2  
  70  9:36  Zealot  
  66  9:53  Zealot  
  66  9:54  Zealot x2  
  72  10:20  Void Ray  
  72  10:22  Stalker x3  
  60  10:39  Dark Templar x2  
  60  10:41  Probe  
  64  10:55  Probe  
  64  10:56  Probe x2  
  61  11:08  Probe x2  
  61  11:11  Probe  
  64  11:13  Dark Templar  
  64  11:15  Dark Templar  
  68  11:20  Probe  
  69  11:34  Probe x2  
  69  11:35  Probe  
  69  11:36  High Templar x2  
  69  11:37  High Templar x2  
  69  11:39  High Templar  
  78  11:40  High Templar  
  78  11:43  Psionic Storm  
  80  11:57  Probe x2  
  80  11:58  Probe  
  83  12:06  Zealot  
  83  12:07  Zealot  
  87  12:09  Probe x2  
  87  12:10  Probe  
  87  12:11  Protoss Ground Weapons Level 2  
  90  12:21  Probe  
  89  12:24  Void Ray  
  89  12:28  Archon x3  
  87  12:30  Zealot x2  
  87  12:31  Zealot  
  87  12:33  Probe x2  
  87  12:35  Probe  
  96  12:38  Assimilator  
  96  12:41  Assimilator  
  96  12:48  Dark Templar  
  96  12:51  Dark Templar  
  100  12:53  Probe x3  
  103  13:05  Probe  
  78  13:24  Void Ray  
  78  13:26  Zealot x2  
  78  13:27  Zealot x5  
  80  13:28  Zealot  
  88  13:51  Stargate  
  88  14:01  Protoss Air Weapons Level 1, Void Ray  
  70  14:10  Zealot x5  
  70  14:11  Zealot x2  
  70  14:12  Zealot  
  84  14:35  Void Ray  
  88  14:42  Stargate, Void Ray  
  92  14:48  Zealot  
  92  14:49  Zealot x2  
  92  14:50  Zealot x2  
  92  14:51  Zealot x2  
  106  14:53  Zealot  
  108  15:17  Dark Templar  
  108  15:18  Dark Templar x2  
  108  15:20  Dark Templar  
  116  15:24  Void Ray  
  106  15:48  Void Ray x2  
  98  16:10  Gateway  
  98  16:12  Gateway  
  98  16:14  Nexus  
  96  16:19  Void Ray  
  100  16:31  Void Ray  
  92  16:39  Dark Templar  
  82  16:40  Dark Templar x3  
  88  16:50  Void Ray  
  86  16:56  Zealot x2  
  86  16:57  Zealot  
  92  17:05  Void Ray  
  96  17:09  High Templar x2  
  96  17:11  High Templar  
  96  17:13  High Templar  
  96  17:21  Void Ray  
  96  17:22  Archon  
  100  17:23  Archon  
  100  17:25  Zealot  
  100  17:29  Probe  
  104  17:30  Probe x2  
  105  17:47  Zealot x3  
  105  17:48  Zealot x2  
  112  17:59  Void Ray  
  59  18:30  Zealot x2  
  59  18:31  Zealot x6  
  59  18:32  Zealot  
  77  18:41  Zealot  
  65  19:02  Dark Templar  
Show
View Real Time Build Order
Export as new Build Order

Sketchaphone Zerg 

Build Orders: Hatch First 

Get SALT Encoding   

  12  0:01  Drone  
  13  0:12  Overlord  
  13  0:17  Drone  
  14  0:22  Extractor  
  14  0:26  Drone  
  15  0:30  Drone  
  15  0:34  Drone  
  17  0:58  Hatchery  
  16  1:10  Drone  
  17  1:15  Spawning Pool  
  17  1:17  Extractor  
  15  1:24  Drone  
  17  1:25  Drone  
  17  1:32  Drone  
  18  1:36  Drone  
  19  1:46  Overlord  
  19  2:03  Queen  
  21  2:09  Queen  
  21  2:12  Zergling x2, Drone  
  25  2:23  Metabolic Boost  
  25  2:25  Drone  
  25  2:26  Drone  
  27  2:39  Roach Warren  
  26  2:57  Drone x2  
  28  2:59  Overlord, Drone  
  29  3:11  Overlord  
  29  3:12  Drone  
  30  3:18  Roach x4  
  38  3:20  Roach  
  38  3:25  Roach  
  42  3:33  Roach  
  44  3:37  Drone x3  
  47  3:41  Overlord  
  47  3:58  Drone x2  
  47  3:59  Drone  
  47  4:00  Overlord  
  50  4:06  Zergling x2  
  50  4:07  Zergling x6  
  54  4:21  Evolution Chamber  
  53  4:40  Drone  
  53  4:41  Overlord, Hatchery  
  53  4:43  Lair  
  53  4:47  Evolution Chamber  
  45  5:19  Zergling x4  
  45  5:20  Zergling x2  
  46  5:25  Zerg Melee Weapons Level 1  
  46  5:27  Drone  
  46  5:28  Drone x5  
  52  5:29  Drone x2  
  52  5:31  Extractor  
  53  5:38  Overlord  
  53  5:40  Overlord  
  53  5:48  Zerg Ground Armor Level 1  
  53  5:49  Drone x3  
  57  5:50  Drone x3  
  57  5:54  Hatchery  
  58  5:59  Queen  
  58  6:04  Glial Reconstitution  
  60  6:07  Drone, Extractor  
  60  6:08  Drone x4, Extractor  
  63  6:14  Spore Crawler  
  63  6:15  Overlord, Spore Crawler  
  60  6:20  Zergling x8  
  64  6:30  Zergling x10  
  69  6:34  Overlord  
  69  6:53  Hydralisk Den  
  68  6:56  Zergling x16  
  76  7:04  Zergling x4  
  78  7:10  Pneumatized Carapace  
  78  7:21  Zergling x8  
  78  7:22  Zergling x14  
  89  7:23  Infestation Pit  
  58  8:13  Roach  
  58  8:14  Roach x11  
  58  8:19  Zerg Melee Weapons Level 2  
  82  8:20  Hydralisk Den, Roach  
  82  8:22  Roach  
  82  8:25  Drone  
  86  8:29  Hydralisk  
  86  8:32  Overseer  
  88  8:45  Lurker Den  
  88  8:47  Drone x2  
  88  8:59  Ravager x7  
  95  9:07  Hydralisk  
  95  9:09  Overlord x2  
  97  9:16  Hatchery  
  96  9:25  Overlord  
  96  9:26  Zergling x2  
  97  9:42  Roach x3  
  97  9:43  Roach x7  
  97  9:44  Zerg Missile Weapons Level 1  
  117  9:46  Grooved Spines  
  104  10:10  Zergling x10  
  106  10:18  Hydralisk  
  108  10:27  Overlord  
  108  10:28  Overlord  
  89  10:44  Zergling x10  
  91  11:02  Zergling x14  
  94  11:07  Queen  
  94  11:08  Drone  
  95  11:18  Pathogen Glands  
  95  11:21  Hatchery, Hydralisk  
  92  11:29  Hatchery  
  84  12:13  Zergling x30  
  99  12:18  Hive  
  99  12:19  Zerg Ground Armor Level 2  
  99  12:27  Lurker  
  99  12:29  Lurker  
  101  12:49  Roach  
  101  12:50  Roach x6  
  97  13:14  Roach  
  71  13:30  Hydralisk x5  
  71  13:31  Hydralisk x2  
  81  13:36  Infestor x2  
  85  13:41  Drone x2  
  87  13:54  Roach x3  
  91  14:00  Drone  
  92  14:14  Muscular Augments  
  89  14:21  Infestor x2  
  88  14:33  Spore Crawler  
  88  14:34  Drone x7  
  88  14:36  Drone  
  88  14:38  Drone  
  95  14:50  Overseer, Extractor  
  95  14:51  Extractor  
  95  14:52  Queen  
  95  14:53  Drone x2  
  97  15:02  Zergling x2  
  97  15:03  Zergling x8  
  102  15:09  Hydralisk  
  102  15:10  Hydralisk  
  102  15:21  Roach x5  
  112  15:29  Lurker x2  
  109  15:49  Hydralisk  
  107  15:50  Hydralisk x2  
  107  15:52  Lurker x2  
  107  15:55  Roach x2  
  107  15:56  Zergling x2  
  120  15:57  Overlord x2  
  70  16:48  Roach  
  70  16:49  Roach x11  
  65  17:27  Adrenal Glands  
  65  17:33  Queen  
  62  17:46  Zergling x10  
  62  17:47  Zergling x2  
  32  18:29  Zergling x14  
  37  18:43  Hatchery  
  37  18:45  Drone  
Show
View Real Time Build Order
Export as new Build Order

Sathalom Protoss 

Build Orders: Phoenix Opening, Chargelot Immortal 

Get SALT Encoding   

  12  0:03  Probe  
  13  0:15  Probe  
  13  0:18  Pylon  
  14  0:25  Probe  
  15  0:33  Probe  
  15  0:40  Gateway  
  15  0:41  Probe  
  16  0:48  Assimilator  
  17  0:54  Probe  
  18  1:17  Gateway  
  18  1:21  Probe  
  18  1:24  Assimilator  
  18  1:29  Cybernetics Core  
  18  1:33  Probe  
  19  1:49  Pylon  
  19  1:50  Probe  
  20  1:55  Warp Gate  
  20  2:06  Stalker  
  22  2:10  Sentry  
  22  2:13  Probe  
  25  2:28  Probe  
  26  2:32  Robotics Facility  
  26  2:40  Probe  
  27  2:49  Stalker x2  
  31  3:14  Nexus  
  31  3:19  Phoenix  
  31  3:22  Pylon  
  31  3:40  Probe, Immortal  
  36  3:57  Pylon, Probe  
  37  4:09  Probe  
  38  4:22  Probe  
  39  4:27  Sentry x2  
  39  4:30  Probe, Immortal  
  48  4:34  Probe  
  49  4:42  Probe  
  50  4:50  Probe  
  51  4:54  Probe  
  51  4:59  Immortal  
  48  5:11  Stalker  
  48  5:12  Stalker  
  56  5:14  Probe  
  56  5:15  Probe  
  58  5:22  Probe  
  58  5:23  Probe, Gateway  
  58  5:25  Pylon  
  60  5:32  Probe x2  
  62  5:42  Phoenix  
  62  5:43  Warp Prism  
  62  5:46  Stalker x2  
  62  5:49  Assimilator  
  68  5:52  Assimilator  
  68  5:54  Pylon  
  68  5:57  Pylon  
  68  6:06  Probe x2  
  70  6:17  Forge  
  70  6:37  Protoss Ground Weapons Level 1  
  70  6:40  Twilight Council  
  70  6:46  Zealot x3  
  76  6:55  Gateway  
  76  6:56  Probe x2, Gateway  
  76  6:57  Immortal  
  76  6:58  Gateway  
  82  7:02  Pylon  
  82  7:11  Pylon  
  82  7:13  Stalker x2  
  86  7:39  Charge  
  86  7:55  Zealot x6  
  98  8:04  Immortal  
  94  8:18  Zealot  
  94  8:19  Zealot  
  100  8:33  Zealot x4  
  92  8:49  Templar Archives  
  92  8:51  Gateway  
  92  8:58  Nexus  
  92  9:00  Immortal  
  94  9:16  Pylon x2  
  94  9:18  Pylon  
  94  9:19  Assimilator, Blink  
  94  9:20  Assimilator  
  94  9:22  Zealot x2  
  94  9:23  Zealot x2  
  102  9:40  Protoss Ground Weapons Level 2  
  94  9:54  Zealot x7  
  96  10:10  Probe x3  
  99  10:17  Psionic Storm  
  99  10:18  Probe x3  
  99  10:21  High Templar x7  
  103  10:26  Archon x3  
  88  10:59  Immortal  
  88  11:06  Stalker x6  
  104  11:19  Protoss Ground Weapons Level 3  
  104  11:28  Probe x2  
  104  11:31  Probe  
  107  11:36  Probe x2  
  107  11:37  Observer  
  105  11:43  Probe  
  105  11:45  Probe x2  
  110  11:55  Pylon, Probe  
  110  11:57  Probe  
  110  11:58  Probe, Immortal  
  117  12:07  Probe  
  118  12:15  Probe x2  
  120  12:20  Probe  
  121  12:37  Observer  
  121  12:39  Pylon, Zealot  
  121  12:40  Zealot x4  
  121  12:42  Pylon  
  121  12:44  Gateway  
  133  12:51  Probe  
  133  12:57  Probe x2  
  123  13:19  Stalker x6  
  102  13:33  Probe x3  
  105  13:35  Nexus  
  105  13:43  Protoss Ground Armor Level 1  
  105  13:44  Pylon  
  105  13:45  Probe  
  106  14:04  Observer  
  106  14:07  Robotics Facility  
  101  14:24  Probe x3  
  104  14:26  Immortal  
  108  14:32  High Templar x7  
  120  14:45  Pylon, Assimilator  
  120  14:46  Assimilator  
  120  14:50  Gateway  
  120  14:51  Gateway  
  120  14:53  Gateway  
  120  14:54  Photon Cannon  
  120  14:55  Probe x3  
  120  14:57  Photon Cannon  
  123  15:00  Gateway  
  123  15:01  Gateway  
  123  15:06  High Templar  
  123  15:07  High Templar x2  
  127  15:08  High Templar  
  127  15:12  Stalker x3  
  137  15:16  Archon x2  
  137  15:28  Probe  
  137  15:29  Probe x2  
  137  15:34  Photon Cannon  
  140  15:37  Gateway  
  120  15:49  Zealot x9  
  135  15:58  Stalker x3  
  139  16:20  Zealot  
  139  16:21  Zealot x3  
  127  17:07  Nexus  
  127  17:09  Stalker  
  127  17:10  Stalker x10  
  127  17:13  Nexus  
  149  17:16  Photon Cannon  
  149  17:17  Photon Cannon  
  149  17:20  Photon Cannon  
  149  17:24  Immortal  
  149  17:25  Observer  
  154  17:47  Observer  
  155  17:51  High Templar  
  157  18:11  Stalker x6  
  155  18:19  Archon  
  139  18:28  Probe x3  
  142  18:36  Probe x2  
  142  18:39  High Templar x6  
  142  18:40  Probe  
  157  18:42  High Templar x3  
  157  18:44  Archon x2  
  163  18:49  Zealot x4  
  171  18:57  Assimilator  
  171  18:59  Pylon  
Show
View Real Time Build Order
Export as new Build Order

Sigardius Zerg 

Build Orders: Hatch First 

Get SALT Encoding   

  12  0:01  Drone  
  13  0:08  Drone  
  14  0:17  Overlord  
  14  0:49  Hatchery  
  13  0:55  Drone x3  
  16  1:17  Extractor  
  15  1:18  Spawning Pool  
  15  1:21  Drone x2  
  16  1:44  Drone x2  
  18  1:54  Drone  
  19  2:05  Queen x2  
  19  2:07  Drone  
  24  2:15  Drone x2  
  26  2:25  Drone x2  
  26  2:28  Overlord  
  28  2:53  Drone x3, Extractor  
  28  2:54  Drone  
  31  3:02  Overlord x2  
  31  3:14  Roach Warren  
  30  3:22  Overlord  
  30  3:31  Drone x4  
  34  3:42  Hatchery  
  34  3:48  Lair  
  33  3:51  Queen  
  33  3:53  Drone x3  
  38  4:08  Drone x2  
  38  4:09  Drone x2  
  42  4:19  Zergling x2  
  43  4:26  Roach x4  
  43  4:29  Overlord  
  49  5:04  Roach x8  
  61  5:07  Overlord x3  
  61  5:23  Extractor x2  
  61  5:26  Hydralisk Den  
  58  5:31  Drone x11  
  58  5:35  Queen  
  70  6:01  Evolution Chamber  
  70  6:04  Muscular Augments, Hydralisk  
  69  6:05  Lurker Den, Hydralisk x6  
  69  6:06  Hydralisk  
  84  6:11  Drone x3  
  84  6:12  Drone  
  88  6:19  Drone  
  88  6:20  Drone  
  88  6:21  Overlord  
  90  6:44  Hatchery  
  89  7:18  Drone x9  
  98  7:23  Overlord x4  
  98  7:24  Overlord x2  
  98  7:48  Roach  
  98  7:49  Roach x8  
  105  8:06  Hatchery  
  98  8:15  Hatchery  
  97  8:21  Hatchery  
  96  8:53  Zerg Missile Weapons Level 1  
  96  9:03  Drone  
  96  9:04  Drone x2  
  96  9:06  Queen  
  96  9:09  Extractor  
  100  9:46  Drone, Extractor  
  100  9:47  Drone x9, Extractor  
  76  10:37  Lair  
  76  10:40  Queen  
  68  10:55  Hydralisk x2  
  68  10:56  Hydralisk x16  
  88  11:16  Zerg Ground Armor Level 1  
  87  11:31  Spore Crawler  
  83  11:44  Drone  
  83  11:45  Drone x15  
  88  12:05  Overseer x3  
  88  12:07  Roach  
  88  12:08  Roach x13  
  86  12:23  Pneumatized Carapace  
  86  12:28  Drone x3  
  89  12:30  Drone x3  
  92  12:53  Hatchery  
  91  13:04  Infestation Pit  
  88  13:21  Queen  
  85  13:45  Zerg Missile Weapons Level 2, Grooved Spines  
  85  13:48  Hive  
  85  13:50  Spine Crawler  
  82  14:05  Roach  
  82  14:06  Roach x18  
  82  14:07  Roach x9  
  132  14:14  Queen  
  133  14:18  Drone x3  
  133  14:19  Overlord  
  133  14:20  Overlord  
  136  14:30  Overlord x3  
  136  14:37  Queen  
  136  14:47  Hydralisk  
  136  14:48  Hydralisk x6  
  150  15:00  Adaptive Talons  
  150  15:16  Zergling x2  
  150  15:17  Zergling x26  
  164  15:41  Hydralisk x6  
  176  15:43  Overlord  
  176  15:44  Overlord x4  
  171  15:53  Lurker x3  
  171  15:54  Lurker x2  
  169  16:07  Hydralisk  
  169  16:08  Hydralisk x10  
  132  16:47  Hydralisk x5  
  132  16:48  Hydralisk x6  
  150  17:00  Drone x5  
  150  17:01  Drone x3  
  146  17:28  Hatchery  
  145  17:39  Lurker x2  
  145  17:40  Lurker  
  145  17:41  Lurker  
  146  18:26  Drone x3  
  146  18:27  Drone x7  
  155  18:28  Drone x3  
Tags
 
Add a new tag
Caveats
  • Supply blocks, unpowered buildings, or Contaminate may cause inaccurate times.
  • Supply counts are checked every 10 seconds.